 Dungeon Crawl Stone Soup version 0.17-a0-1554-g3b847ca (webtiles) character file.

319 namelastname112 the Vandal (level 6, -5/51 HPs)
             Began as a Draconian Fire Elementalist on July 20, 2015.
             Slain by an ogre
             ... wielding a +0 giant club
              (15 damage)
             ... on level 4 of the Dungeon.
             The game lasted 00:06:34 (3255 turns).

namelastname112 the Vandal (DrFE)                   Turns: 3255, Time: 00:06:34

Health: -5/51      AC:  7    Str: 11    XL:     6   Next: 21%
Magic:  9/9        EV: 13    Int: 15    God:
Gold:   233        SH:  0    Dex: 13    Spells: 1 memorised, 8 levels left

rFire  . . .     SeeInvis .     b - +2 spear (pierce)
rCold  . . .     Clarity  .     (armour unavailable)
rNeg   . . .     SustAt   .     (no shield)
rPois  .         Gourm    .     (helmet restricted)
rElec  .         Spirit   .     y - +0 cloak
rCorr  .         Warding  .     (no gloves)
rMut   .         Stasis   .     (no boots)
MR     .....                    (no amulet)
Stlth  ++........               (no ring)
                                r - +3 ring of slaying

@: not resistant to hostile enchantments, unstealthy
A: unfitting armour, cold-blooded, AC +6
a: no special abilities


You were on level 4 of the Dungeon.
You were very hungry.

You visited 1 branch of the dungeon, and saw 4 of its levels.

You collected 233 gold pieces.

Inventory:

Hand weapons
 a - a +0 hunting sling
 b - a +2 spear of piercing (weapon)
 x - a +2 quarterstaff of chaos
Missiles
 q - 66 stones (quivered)
 A - 50 sling bullets
 E - 14 poisoned sling bullets
Armour
 y - a +0 cloak (worn)
Jewellery
 r - a +3 ring of slaying (left hand)
 u - an uncursed ring of ice
Scrolls
 d - a scroll of random uselessness {unknown}
 j - a scroll of remove curse {unknown}
 o - 3 scrolls of identify {unknown}
 v - 4 scrolls of blinking {unknown}
 w - 2 scrolls of amnesia {unknown}
 z - 3 scrolls of enchant weapon {unknown}
 C - 3 scrolls of immolation {unknown}
Potions
 e - a potion of cancellation {unknown}
 f - 3 potions of agility {unknown}
 g - a potion of ambrosia {unknown}
 h - 3 potions of might {unknown}
 k - a potion of heal wounds {unknown}
 l - a potion of mutation {unknown}
 p - a potion of resistance {unknown}
 s - 2 potions of curing {unknown}
 t - a potion of lignification {unknown}
 B - a potion of flight {unknown}
 F - a potion of haste {unknown}
 G - 2 potions of brilliance {unknown}
Books
 m - a book of Flames

   Spells                             Type                      Level
   a - Flame Tongue                   Conjuration/Fire             1
   b - Throw Flame                    Conjuration/Fire             2
   c - Conjure Flame                  Conjuration/Fire             3
   d - Inner Flame                    Hexes/Fire                   3
   e - Sticky Flame                   Conjuration/Fire             4
   f - Fireball                       Conjuration/Fire             5
Comestibles
 c - 9 fruits
 i - 2 beef jerkies
 n - a bread ration


   Skills:
 + Level 3.5 Fighting
 * Level 3.6 Slings
 + Level 3.3 Dodging
 - Level 1.7 Stealth
 - Level 2.0 Spellcasting
 - Level 1.0 Conjurations
 - Level 3.0 Fire Magic


You had 8 spell levels left.
You knew the following spells:

 Your Spells              Type           Power        Failure   Level  Hunger
z - Flame Tongue          Conj/Fire      #....        12%         1    #......


Dungeon Overview and Level Annotations

Branches:
Dungeon (4/15)
 Temple: D:4-7

Altars:
Trog


Innate Abilities, Weirdness & Mutations

Your plain brown scales are hard (AC +6).
Your body does not fit into most forms of armour.
You are cold-blooded and may be slowed by cold attacks.


Message History

The giant gecko skeleton completely misses you.
The kobold hits you.
* * * LOW HITPOINT WARNING * * *
You hit the kobold. You tail-slap the kobold.
You kill the kobold!
The giant gecko skeleton bites you.
* * * LOW HITPOINT WARNING * * *
You puncture the giant gecko skeleton!
You destroy the giant gecko skeleton!
Things that are here:
an uncursed blowgun; 9 poisoned needles; a kobold corpse The orc barely misses you.
Found a meat ration.
Found 12 gold pieces.
Found 5 stones and a dagger.
A centaur skeleton comes into view.
Found a leather armour.
The ogre shouts!
The ogre hits you with a giant club!
You die...

#.# ## #.## .# #..# <# ##.#
### .# #.# #.$ .####.# #..$#
....#.### #...# ###.#...#
#.((O#### .
#...#.####((..@.o###########.
.
###.#.#.....<###.............
#.. #..>..##.. ######.###...
#. ####..### #..# #.# #.##
####.## ?.####)# ##....##
..##(.# ######.g....##
#.#...# ##............#
#.#.#.###..####%......#


You could see an ogre and an orc.

Vanquished Creatures
  Crazy Yiuf (D:2)
  An iguana (D:4)
  3 worker ants (D:4)
  Robin (D:3)
  7 adders
  3 gnolls (D:4)
  2 worms (D:3)
  4 giant geckos
  8 orcs (D:3)
  3 giant cockroaches
  10 hobgoblins
  A ball python (D:1)
  A ball python skeleton (D:4)
  6 bats
  A giant gecko skeleton (D:4)
  5 giant newts
  16 goblins
  5 jackals
  6 kobolds
  A quokka (D:2)
  4 rats
89 creatures vanquished.

Notes
Turn   | Place    | Note
--------------------------------------------------------------
     0 | D:1      | namelastname112 the Draconian Fire Elementalist began the quest for the Orb.
     0 | D:1      | Reached XP level 1. HP: 14/14 MP: 3/3
   241 | D:1      | Reached skill level 1 in Fighting
   263 | D:1      | Reached XP level 2. HP: 17/23 MP: 0/5
   839 | D:2      | Reached skill level 1 in Slings
  1239 | D:2      | Reached XP level 3. HP: 29/29 MP: 6/6
  1310 | D:2      | Noticed Crazy Yiuf
  1345 | D:2      | Killed Crazy Yiuf
  1695 | D:2      | Reached XP level 4. HP: 37/37 MP: 7/7
  2210 | D:3      | Found a bloodstained altar of Trog.
  2265 | D:3      | Noticed Robin
  2433 | D:3      | Reached XP level 5. HP: 37/42 MP: 8/8
  2741 | D:3      | Killed Robin
  3207 | D:4      | Reached XP level 6. HP: 43/51 MP: 9/9
  3221 | D:4      | Noticed an ogre
  3255 | D:4      | Slain by an ogre

Vault maps used:
D:1:      lordsloth_arrival_two_stooges, minmay_misc_feat_enclosed,
          minmay_misc_feat_roman
D:2:      first_bread, uniq_crazy_yiuf_cottage
D:3:      lightli_temple_of_fire, small_statue_intersection, uniq_robin
D:4:      lemuel_crystal_altar

Action                   |  1- 3 |  4- 6 || total
-------------------------+-------+-------++-------
Melee: Unarmed           |     2 |       ||     2
       Spear             |    26 |    76 ||   102
 Fire: Hunting sling     |    31 |   110 ||   141
 Cast: Flame Tongue      |    19 |       ||    19
  Eat: Bread ration      |     1 |       ||     1
       Chunk             |       |     2 ||     2
